 Dungeon Crawl Stone Soup version 0.29.1-2-gbd0b4ee654 (webtiles) character file.

Game seed: 10759199257781945994

21815 safid the Crack Shot (level 12, -9/101 HPs)
             Began as a Minotaur Hunter on Nov 2, 2022.
             Was a High Priest of Okawaru.
             Mangled by a sun demon (18 damage)
             ... on level 2 of the Orcish Mines.
             The game lasted 00:41:34 (13571 turns).

safid the Crack Shot (Minotaur Hunter)             Turns: 13571, Time: 00:41:34

Health: -9/101     AC: 17    Str: 18    XL:     12   Next: 57%
Magic:  11/11      EV: 10    Int:  6    God:    Okawaru [*****.]
Gold:   1040       SH:  0    Dex: 17    Spells: 9/11 levels left

rFire   . . .      SeeInvis .   o - +2 longbow
rCold   + + .      Faith    .   (shield currently unavailable)
rNeg    . . .      Spirit   .   F - +2 ice dragon scales
rPois   +          Reflect  .   (helmet restricted)
rElec   .          Harm     .   j - +2 cloak
rCorr   .          Rampage  .   (no gloves)
Will    .....                   b - +2 pair of boots
Stlth   ..........              u - amulet of regeneration
HPRegen 1.06/turn               s - ring of protection from fire
MPRegen 0.12/turn               t - ring of poison resistance

@: studying Ice Magic
A: horns 2, retaliatory headbutt
a: Renounce Religion, Heroism, Finesse, Duel


You were on level 2 of the Orcish Mines.
You worshipped Okawaru.
Okawaru was extremely pleased with you.
You visited 4 branches of the dungeon, and saw 15 of its levels.
You also visited: Ice Cave.

You collected 1315 gold pieces.
You spent 275 gold pieces at shops.

Inventory:

Hand Weapons
 o - a +2 longbow (weapon)
Armour
 b - a +2 pair of boots (worn)
 j - a +2 cloak (worn)
 n - a +3 leather armour
 F - +2 ice dragon scales (worn)
Jewellery
 c - a ring of positive energy
 r - an amulet of reflection
 s - a ring of protection from fire (left hand)
 t - a ring of poison resistance (right hand)
 u - an amulet of regeneration (around neck)
 y - a +4 ring of protection
Wands
 a - a wand of roots (16)
 q - a wand of polymorph (5)
 x - a wand of flame (13)
 D - a wand of paralysis (2)
Scrolls
 d - a scroll of amnesia
 g - a scroll of poison
 p - a scroll of enchant armour
 v - 5 scrolls of vulnerability
 z - 2 scrolls of noise {unknown}
Potions
 f - 4 potions of magic
 h - a potion of might {unknown}
 i - 5 potions of lignification
 k - 5 potions of curing
 m - a potion of brilliance
 w - 2 potions of mutation {unknown}
 A - 3 potions of haste {unknown}
 B - a potion of cancellation {unknown}
 C - 3 potions of attraction
 E - a potion of invisibility {unknown}


   Skills:
 + Level 8.1 Fighting
 + Level 21.4 Ranged Weapons
 + Level 1.1 Armour
 + Level 2.5 Dodging
 - Level 0.7 Stealth
 + Level 0.8 Invocations


You had 9 spell levels left.
You knew the following spells:

 Your Spells              Type           Power      Damage    Failure   Level
a - Blink                 Tloc           0%         N/A       97%         2

Your spell library contained the following spells:

 Spells                   Type           Power      Damage    Failure   Level
 Apportation              Tloc           0%         N/A       91%         1
 Ensorcelled Hibernation  Hex/Ice        0%         N/A       97%         2
 Static Discharge         Conj/Air       0%         3-3/arc   97%         2
 Dazzling Flash           Conj/Hex       0%         N/A       99%         3
 Lesser Beckoning         Tloc           0%         N/A       99%         3
 Spider Form              Tmut/Pois      0%         N/A       99%         3
 Stone Arrow              Conj/Erth      0%         3d7       99%         3
 Airstrike                Air            0%         2d(0-16)  100%        4
 Anguish                  Hex/Necr       0%         N/A       100%        4
 Passage of Golubria      Tloc           0%         N/A       100%        4
 Agony                    Necr           0%         N/A       100%        5
 Lightning Bolt           Conj/Air       0%         1d11      100%        5
 Manifold Assault         Tloc           0%         N/A       100%        5
 Silence                  Hex/Air        0%         N/A       100%        5
 Yara's Violent Unravell  Hex/Tmut       0%         3d3       100%        5
 Lehudib's Crystal Spear  Conj/Erth      0%         10d2      100%        8
 Maxwell's Capacitive Co  Air            0%         ∞         100%        8
 Tukima's Dance           Hex            Unusable   N/A       N/A         3
 Animate Armour           Summ/Erth      Unusable   N/A       N/A         4
 Summon Lightning Spire   Summ/Air       Unusable   N/A       N/A         4

Dungeon Overview and Level Annotations

Branches:
Dungeon (11/15)            Temple (1/1) D:6            Lair (1/5) D:11
    Orc (2/2) D:11            Elf (0/3) Orc:2         IceCv (visited)

Altars:
Ashenzari
Cheibriados
Dithmenos
Elyvilon
Fedhas
Gozag
Hepliaklqana
Kikubaaqudgha
Makhleb
Nemelex Xobeh
Okawaru
Qazlal
Ru
Sif Muna
Trog
Uskayaw
Vehumet
Wu Jian
Xom
Yredelemnul
Zin
The Shining One

Shops:
D:5 :   D:6 !   Orc:1 *   Orc:2 =**


Innate Abilities, Weirdness & Mutations

You have a pair of horns on your head.
You reflexively headbutt those who attack you in melee.


Message History

The floor.
A sun demon is nearby!
Fire: o) +2 longbow
Press: ? - help, Q - select action, (/) - cycle Shift-Dir - straight line, f/p - sun demon
Aim: a sun demon (heavily wounded, 68% to hit)
You shoot an arrow. The arrow closely misses the sun demon.
Unknown command.
Fire: o) +2 longbow
Press: ? - help, Q - select action, (/) - cycle Shift-Dir - straight line, f/p - sun demon
Aim: a sun demon (heavily wounded, 68% to hit)
You shoot an arrow. The arrow hits the sun demon!
The sun demon is severely wounded.
Unknown command.
Fire: o) +2 longbow
Press: ? - help, Q - select action, (/) - cycle Shift-Dir - straight line, f/p - sun demon
Aim: a sun demon (severely wounded, 68% to hit)
You shoot an arrow. The arrow barely misses the sun demon.
Unknown command.
Fire: o) +2 longbow
Press: ? - help, Q - select action, (/) - cycle Shift-Dir - straight line, f/p - sun demon
Aim: a sun demon (severely wounded, 68% to hit)
You shoot an arrow.
The arrow hits the sun demon but does no damage.
The sun demon is severely wounded.
The orc high priest prays to Beogh.
Fire: o) +2 longbow
Press: ? - help, Q - select action, (/) - cycle Shift-Dir - straight line, f/p - sun demon
Aim: a sun demon (severely wounded, 68% to hit)
You shoot an arrow. The arrow hits the sun demon.
The sun demon is severely wounded.
Unknown command.
Fire: o) +2 longbow
Press: ? - help, Q - select action, (/) - cycle Shift-Dir - straight line, f/p - sun demon
Aim: a sun demon (severely wounded, 68% to hit)
You shoot an arrow. The arrow closely misses the sun demon.
The orc high priest prays to Beogh.
The sun demon hits you!
* * * LOW HITPOINT WARNING * * *
You are engulfed in flames!!
You die...

#.......................##..###..
....).................4.###[[###.
........#.#.#........o...###.)###
........#.................###o.##
###...<#..............3.>..###)o#
#....##.........o.).......###.[
##..## ........))..........###)
.... ........3..........## ##
.##.# ......)@.........### # # ##
.......[[.......##
..................
..................
..................
.................
................ ...............


You could see an orc high priest, a sun demon, a ynoxinul (summoned), a chaos
spawn (summoned) and an orc warrior.

Vanquished Creatures
  An ice dragon (D:11)
  2 boulder beetles
  Erica (Orc:1)
  A hydra (D:10)
  A two-headed ogre (D:10)
  An orc knight (Orc:2)
  2 bog bodies (IceCv)
  Pikel (D:8)
  2 orc sorcerers
  Maurice (D:8)
  A rust devil (Orc:1)
  A gargoyle (D:10)
  A rime drake (D:11)
  An anaconda simulacrum (IceCv)
  A komodo dragon (D:11)
  A freezing wraith (IceCv)
  2 ice devils
  3 trolls
  Prince Ribbit (D:8)
  A polar bear (D:11)
  A hornet (D:9)
  20 yaks
  A shadow (D:11)
  A wraith (D:11)
  A wyvern (D:9)
  A dire elephant simulacrum (IceCv)
  A basilisk (Lair:1)
  A death yak simulacrum (IceCv)
  3 steam dragons
  4 wargs
  A harpy simulacrum (IceCv)
  2 water moccasins
  17 orc warriors
  A sky beast (D:7)
  An ice beast (D:8)
  2 ogres (Orc:1)
  3 wolves
  A centaur (D:5)
  2 lemures (D:8)
  2 kobold brigands
  3 phantoms
  6 necrophages
  2 bullfrogs
  2 scorpions (D:5)
  2 cane toad simulacra (IceCv)
  5 two-headed ogre simulacra (IceCv)
  4 wights (D:8)
  4 troll zombies (D:11)
  2 elephant simulacra (IceCv)
  11 killer bees
  5 howler monkeys
  A human zombie (D:4)
  16 orc priests
  A gnoll bouda (D:8)
  4 hounds
  An iron imp (D:8)
  3 jellies
  3 iguanas
  Terence (D:2)
  12 orc wizards
  6 spriggan simulacra (IceCv)
  4 troll simulacra (IceCv)
  7 polar bear simulacra (IceCv)
  4 ogre zombies (D:11)
  A hound zombie (D:4)
  4 mummies (D:4)
  Robin (D:2)
  11 adders
  10 gnolls
  8 naga simulacra (IceCv)
  7 white imps
  6 ufetubi (IceCv)
  An adder zombie (D:4)
  2 dart slugs
  35 orcs
  3 ball pythons
  5 endoplasms
  5 giant cockroaches
  14 goblins
  7 hobgoblins
  3 jackals (D:1)
  8 kobolds
  10 quokkas
  7 bats
  3 frilled lizards
  3 goblin skeletons (D:11)
  3 goblin zombies (D:11)
  A hobgoblin skeleton (D:11)
  A hobgoblin zombie (D:11)
  An orc skeleton (D:11)
  16 orc zombies (D:11)
  6 rats
383 creatures vanquished.

Vanquished Creatures (others)
  5 fungi
  2 plants (D:2)
7 creatures vanquished.

Grand Total: 390 creatures vanquished

Notes
Turn   | Place    | Note
-------+----------+-------------------------------------------
     0 | D:1      | safid the Minotaur Hunter began the quest for the Orb.
     0 | D:1      | Reached XP level 1. HP: 18/18 MP: 0/0
    80 | D:1      | Reached XP level 2. HP: 25/25 MP: 1/1
   821 | D:2      | Noticed Terence
   883 | D:1      | Reached skill level 5 in Ranged Weapons
   883 | D:1      | Reached XP level 3. HP: 22/31 MP: 2/2
  2081 | D:2      | Killed Terence
  2082 | D:2      | Reached XP level 4. HP: 26/40 MP: 3/3
  2483 | D:2      | Noticed Robin
  2487 | D:2      | Killed Robin
  2728 | D:2      | Identified the +1 mace "Lacywint" {vorpal, rElec Int+4
                  | SInv}
  2878 | D:2      | Found a faded altar of an unknown god.
  2885 | D:2      | Got Plato's Papyrus of Displacement
  2903 | D:2      | Reached XP level 5. HP: 47/47 MP: 4/4
  2955 | D:2      | Reached skill level 5 in Fighting
  2955 | D:2      | Reached skill level 6 in Ranged Weapons
  3635 | D:3      | Found a broken altar of Ashenzari.
  3811 | D:4      | Reached XP level 6. HP: 36/57 MP: 5/5
  4130 | D:4      | Reached skill level 7 in Ranged Weapons
  4285 | D:4      | Reached XP level 7. HP: 57/64 MP: 6/6
  4316 | D:4      | Found a basalt altar of Yredelemnul.
  5144 | D:5      | Entered Level 5 of the Dungeon
  5246 | D:5      | Reached skill level 8 in Ranged Weapons
  5532 | D:5      | Reached XP level 8. HP: 69/74 MP: 7/7
  5659 | D:5      | Reached skill level 9 in Ranged Weapons
  5686 | D:5      | Found Tuism's Book Shop.
  5762 | D:5      | Bought a book of Spatial Translocations for 260 gold pieces
  5765 | D:5      | Learned a level 2 spell: Blink
  6031 | D:6      | Found Cuakiukh's Distillery.
  6039 | D:6      | Bought a potion of degeneration for 15 gold pieces
  6079 | D:6      | Reached skill level 10 in Ranged Weapons
  6124 | D:6      | Found a staircase to the Ecumenical Temple.
  6138 | Temple   | Entered the Ecumenical Temple
  6339 | D:6      | Identified the +10 flail of Saylet {antimagic, Str+3 Dex+3}
  6694 | D:7      | Reached skill level 11 in Ranged Weapons
  6908 | D:7      | Reached XP level 9. HP: 54/81 MP: 8/8
  6922 | D:7      | Reached skill level 12 in Ranged Weapons
  7135 | D:8      | Identified the +9 short sword "Tazagael" {freeze, rElec rF-
                  | rCorr Str+8}
  7300 | D:8      | Noticed Prince Ribbit
  7308 | D:8      | Killed Prince Ribbit
  7404 | D:8      | Found a snail-covered altar of Cheibriados.
  7526 | D:8      | Noticed Maurice
  7631 | D:8      | Reached skill level 13 in Ranged Weapons
  7767 | D:8      | Found a faded altar of an unknown god.
  7767 | D:8      | Found a faded altar of an unknown god.
  7767 | D:8      | Found a faded altar of an unknown god.
  7769 | D:8      | Found a hazy altar of Hepliaklqana.
  7769 | D:8      | Found a faded altar of an unknown god.
  7781 | D:8      | Noticed Pikel
  7794 | D:8      | Killed Pikel
  7795 | D:8      | Reached skill level 14 in Ranged Weapons
  8101 | D:8      | Killed Maurice
  8409 | D:8      | Reached XP level 10. HP: 35/88 MP: 9/9
  8555 | D:9      | Noticed a boulder beetle
  8578 | D:9      | Killed a boulder beetle
  8579 | D:9      | Reached skill level 15 in Ranged Weapons
  8905 | D:9      | Reached skill level 16 in Ranged Weapons
  9336 | D:10     | Entered Level 10 of the Dungeon
  9400 | D:10     | Noticed a two-headed ogre
  9410 | D:10     | Killed a two-headed ogre
  9411 | D:10     | Reached skill level 17 in Ranged Weapons
  9440 | D:10     | Found a sparkling altar of Nemelex Xobeh.
  9525 | D:10     | Found a white marble altar of Elyvilon.
  9812 | D:10     | Found an iron altar of Okawaru.
  9820 | D:10     | Became a worshipper of Warmaster Okawaru
  9852 | D:10     | Noticed a five-headed hydra
  9859 | D:10     | Killed a five-headed hydra
  9860 | D:10     | Reached XP level 11. HP: 94/94 MP: 10/10
  9966 | D:10     | Found a shadowy altar of Dithmenos.
 10032 | D:10     | Reached * piety under Okawaru
 10134 | D:11     | Reached skill level 18 in Ranged Weapons
 10155 | D:11     | Found a staircase to the Lair.
 10179 | D:11     | Found a frozen archway.
 10186 | D:11     | Noticed an ice dragon
 10320 | D:11     | Killed an ice dragon
 10320 | D:11     | Reached ** piety under Okawaru
 10331 | IceCv    | Entered an ice cave
 10641 | IceCv    | Reached skill level 19 in Ranged Weapons
 10991 | IceCv    | Noticed a bog body
 10991 | IceCv    | Noticed a bog body
 11026 | IceCv    | Killed a bog body
 11037 | IceCv    | Reached *** piety under Okawaru
 11056 | IceCv    | Killed a bog body
 11443 | D:11     | Found a staircase to the Orcish Mines.
 11529 | D:11     | Noticed a boulder beetle
 11530 | D:11     | Reached **** piety under Okawaru
 11538 | D:11     | Killed a boulder beetle
 11539 | D:11     | Reached skill level 20 in Ranged Weapons
 11539 | D:11     | Reached XP level 12. HP: 60/101 MP: 11/11
 11929 | Lair:1   | Entered Level 1 of the Lair of Beasts
 11985 | Lair:1   | Noticed a death yak
 12065 | Orc:1    | Entered Level 1 of the Orcish Mines
 12173 | Orc:1    | Noticed Erica
 12185 | Orc:1    | Killed Erica
 12240 | Orc:1    | Found Sqall's Superlative Supplies.
 12512 | Orc:1    | Found a bloodstained altar of Trog.
 12692 | Orc:2    | Entered Level 2 of the Orcish Mines
 12778 | Orc:2    | Reached ***** piety under Okawaru
 12779 | Orc:2    | Reached skill level 21 in Ranged Weapons
 12859 | Orc:2    | Found Coghefou's Jewellery Boutique.
 13200 | Orc:2    | Found a staircase to the Elven Halls.
 13427 | Orc:2    | Found Taul's General Store.
 13431 | Orc:2    | Found Zeirhiuwa's General Store.
 13471 | Orc:2    | Reached skill level 1 in Armour
 13538 | Orc:2    | Noticed an orc high priest
 13571 | Orc:2    | Mangled by a sun demon

Illustrated notes

Levels and vault maps discovered:
D:1:      dpeg_arrival_line_fractal, layout_basic, reono_crystal_passage
D:2:      layout_rooms, shapermc_ecumenical_altar_rom_forum, minmay_between,
          uniq_robin, uniq_terence
D:3:      layout_rooms, mainiacjoe_overflow_tiny_flanked
D:4:      layout_loops_cross, lemuel_mausoleum_altar_yredelemnul
D:5:      layout_rooms, serial_shops, kennysheep_mini_moat
D:6:      layout_loops_ring, minmay_temple_entry_wispy, serial_shops, shop
D:7:      layout_rooms, small_statue_intersection
D:8:      layout_gridville, nicolae_hepliaklqana_ecumenical_no_more,
          slow_altar_2, minmay_misc_feat_chi, uniq_maurice, uniq_pikel,
          uniq_prince_ribbit1
D:9:      layout_long_grid, amcnicky_mini_pool_small, nzn_sisyphean_effort
D:10:     layout_basic, mainiacjoe_overflow_concentric_impassable,
          nemelex_spade_bored_becter, mainiacjoe_overflow_surrounded_room,
          okawaru_metal_pillars_1_2
D:11:     layout_basic, lair_entry_dummy, zombieorc2_lemuel,
          portal_ice_cave_entry_animals_and_master
Temple:   eino_temple_lava
Lair:1:   layout_chaotic_city, nicolae_volcano_entry_hallway,
          serial_bayou_shore_b, grunt_megastairs_4
Orc:1:    layout_caves, basic_altar, nicolae_alphabet_shops, uniq_erica
Orc:2:    pf_orc_diabolical, layout_caves, serial_shops, nicolae_lakefront_shop

Skill      XL: |  1  2  3  4  5  6  7  8  9 10 11 12 |
---------------+-------------------------------------+-----
Fighting       | 3 4 5 6 8 |  8.1
Ranged Weapons | 5 6 7 8 11 14 17 20 21 | 21.4
Armour         | 1 |  1.1
Dodging        | |  2.5
Stealth        | |  0.7
Invocations    | |  0.8

Action                   |  1- 3 |  4- 6 |  7- 9 | 10-12 || total
-------------------------+-------+-------+-------+-------++-------
 Fire: Shortbow          |    99 |    84 |       |       ||   183
       Longbow           |       |    81 |   382 |   952 ||  1415
Invok: Heroism           |       |       |       |     2 ||     2
       Finesse           |       |       |       |     1 ||     1
Evoke: Wand              |       |       |       |     6 ||     6
  Use: Scroll            |       |       |    18 |    11 ||    29
       Potion            |       |       |     2 |     4 ||     6
Armor: Leather armour    |     9 |    25 |    99 |    52 ||   185
       Ice dragon scales |       |       |       |   200 ||   200
       Skin              |       |       |       |    12 ||    12
Dodge: Dodged            |    60 |    75 |   127 |   266 ||   528
